 Dungeon Crawl Stone Soup version 0.30-a0-1160-g6e42c06551 (webtiles) character file.

Game seed: 17464186072459407627

7455 Datul the Arsonist (level 10, -2/88 HPs)
             Began as a Pale Draconian Cinder Acolyte on Apr 25, 2023.
             Was an Elder of Ignis.
             Slain by a death yak (21 damage)
             ... on level 8 of the Dungeon.
             The game lasted 00:45:06 (7977 turns).

Datul the Arsonist (Pale Draconian Cinder Acolyte)  Turns: 7977, Time: 00:45:07

Health: -2/88      AC: 19    Str: 20    XL:     10   Next: 94%
Magic:  2/19       EV: 12    Int: 18    God:    Ignis [****..]
Gold:   551        SH:  0    Dex:  7    Spells: 13/21 levels left

rFire   + . .        a - +8 spear of Vojerog {holy, rC+ rCorr Str+3}
rCold   + . .        (no shield)
rNeg    . . .        (body armour unavailable)
rPois   .            D - +1 hat
rElec   .            u - +2 cloak
rCorr   +            y - +0 pair of gloves
SInv    .            (no boots)
Will    .....        (no amulet)
Stlth   +            k - ring of flight
HPRegen 0.34/turn    (no ring)
MPRegen 0.16/turn

%: no passive effects
@: about to teleport, short of breath, fiery-armoured, flying
A: breathe steam, AC +7, unfitting armour, cold-blooded, steam resistance
a: Breathe Steam, Renounce Religion, Fiery Armour, Foxfire Swarm, Rising Flame


You were on level 8 of the Dungeon.
You worshipped Ignis.
Ignis was greatly pleased with you.
You visited 2 branches of the dungeon, and saw 10 of its levels.
You also visited: Sewer.

You collected 551 gold pieces.

Inventory:

Hand Weapons
 a - the +8 spear of Vojerog (weapon) {holy, rC+ rCorr Str+3}
   (You found it on level 5 of the Dungeon)

   Str:       It affects your strength (+3).
   rC:        It protects you from cold.
   rCorr:     It protects you from acid and corrosion.
 b - a +0 sling
 c - a +1 whip of freezing
 z - a +0 morningstar
Missiles
 j - 4 javelins
 s - 14 poisoned darts
 H - 6 curare-tipped darts
Armour
 u - a +2 cloak (worn)
 y - a +0 pair of gloves (worn)
 D - a +1 hat (worn)
Jewellery
 k - a ring of flight (left hand)
Wands
 x - a wand of light (1)
 C - a wand of mindburst (26)
 I - a wand of paralysis (12)
Scrolls
 d - a scroll of fear {unknown}
 f - 5 scrolls of teleportation
 g - a scroll of amnesia
 h - 2 scrolls of fog
 i - a scroll of blinking {unknown}
 r - a scroll of poison {unknown}
 t - a scroll of magic mapping {unknown}
 v - a scroll of brand weapon {unknown}
 B - a scroll of enchant weapon {unknown}
 E - a scroll of torment {unknown}
 F - a scroll of acquirement {unknown}
 G - 2 scrolls of enchant armour
Potions
 e - 2 potions of brilliance {unknown}
 l - a potion of heal wounds {unknown}
 m - 2 potions of magic
 n - 3 potions of curing
 o - 2 potions of mutation
 p - a potion of flight {unknown}
 q - 3 potions of haste
 w - 2 potions of invisibility {unknown}
 J - 2 potions of cancellation {unknown}


   Skills:
 - Level 8.0 Fighting
 - Level 3.3 Long Blades
 - Level 4.0 Dodging
 - Level 6.1 Spellcasting
 - Level 5.0 Conjurations
 + Level 9.6 Fire Magic
 - Level 9.0 Earth Magic


You had 13 spell levels left.
You knew the following spells:

 Your Spells              Type           Power      Damage    Failure   Level
a - Sandblast             Erth           74%        2d16      1%          1
b - Scorch                Fire           80%        2d8       1%          2
c - Stone Arrow           Conj/Erth      60%        3d10      1%          3
d - Passwall              Tmut/Erth      17%        N/A       2%          2

Your spell library contained the following spells:

 Spells                   Type           Power      Damage    Failure   Level
 Shock                    Conj/Air       56%        1d6       4%          1
 Slow                     Hex            20%        N/A       12%         1
 Confusing Touch          Hex            5%         N/A       34%         3
 Vampiric Draining        Necr           5%         2d6       34%         3
 Summon Forest            Summ/Tloc      2%         N/A       97%         5
 Summon Mana Viper        Hex/Summ       5%         N/A       97%         5
 Summon Cactus Giant      Summ           2%         N/A       100%        6


Dungeon Overview and Level Annotations

Branches:
Dungeon (9/15) Zot: 26849  Temple (1/1) D:7 Zot: 5998   Sewer (visited)
   Lair: D:8-11         Orc: D:9-12

Altars:
Ashenzari
Cheibriados
Dithmenos
Elyvilon
Fedhas
Hepliaklqana
Kikubaaqudgha
Makhleb
Nemelex Xobeh
Okawaru
Ru
Sif Muna
Trog
Uskayaw
Vehumet
Wu Jian
Xom
Zin
The Shining One

Shops:
D:8 (

Annotations:
D:8 exclusion: 2 oklob plants


Innate Abilities, Weirdness & Mutations

You can breathe blasts of scalding, opaque steam.
Your pale cyan-grey scales are hard. (AC +7)
You cannot fit into any form of body armour.
You are cold-blooded and may be slowed by cold attacks.
You are immune to the effects of steam.


Message History

The death yak closely misses you.
You now have 0/19 mp.
There is a stone staircase leading up here.
You have got your breath back.
You fly upwards.
Level annotation: exclusion: 2 oklob plants
There is a stone staircase leading down here.
Okay, then.
Casting: Passwall (safe; 2% risk of failure)
Confirm with . or Enter, or press ? or * to list all spells.
Okay, then.
Aiming: Breathe Steam (1% risk of failure)
Press: ? - help, Shift-Dir - straight line, f - death yak
Aim: a death yak (heavily wounded, 91% to hit)
You exhale a blast of scalding steam.
The ball of steam hits the death yak.
The death yak is heavily wounded.
The death yak is engulfed in a cloud of scalding steam.
The death yak gores you but does no damage.
The death yak is burned by your cloak of flames.
The death yak is severely wounded.
You hit the death yak but do no damage.
Your tail-slap misses the death yak.
The death yak is severely wounded.
The death yak gores you!
The death yak is burned by your cloak of flames.
The death yak is severely wounded.
Your magical contamination has completely faded away.
You take 13 damage, and have 48/88 hp.
You hit the death yak.
The death yak is severely wounded.
The death yak is engulfed in a cloud of scalding steam.
The death yak gores you!
The death yak is burned by your cloak of flames.
The death yak is almost dead.
You take 12 damage, and have 36/88 hp.
As you read the scroll of teleportation, it crumbles to dust.
You feel strangely unstable. The death yak gores you!
* * * LOW HITPOINT WARNING * * *
You take 17 damage, and have 19/88 hp.
The death yak attacks as you move away! The death yak gores you!!
You die...

#..# #............[... #..#
#.####.#<#######. #..#####.#
#.#...### #. #.....##.#
#.#.....# #. #.###.##.#
#.###.#.# #. #.# #.##.# #.#
#.#.###. ###### #.# #.##.#
#.###.....#.
.....#####.###.##.#
#.##......#.
####............@.#
#..........#
#######.....Y#########......#.
#####§................#.
#§#############.###.
#.#.............# #. ###
#.#.##########..# #. ..#
###.#.# #.## #. #.# #...#.#
#.# #. #[# #.###.# ##### #.##
#.


You could see a death yak.

Vanquished Creatures
  A two-headed ogre (D:9)
  2 death yaks (D:9)
  Pikel (D:4)
  A hornet (D:8)
  2 wyverns
  11 yaks
  Menkaure (D:5)
  Edmund (D:5)
  2 water moccasins
  A floating eye (D:8)
  An ice beast (D:7)
  3 sky beasts
  3 black bears
  An ogre (D:7)
  A phantom (D:5)
  4 centaurs
  A kobold brigand (D:8)
  2 bullfrogs (D:6)
  4 scorpions
  5 wights (D:7)
  3 killer bees (D:7)
  2 howler monkeys
  3 jellies
  A gnoll bouda (D:8)
  2 hounds
  An orc priest (D:2)
  2 sleepcaps (D:7)
  2 iguanas
  5 orc wizards
  8 gnolls
  3 adders
  A river rat (D:5)
  A shadow imp (D:6)
  3 white imps
  An ufetubus (D:4)
  A worm (D:3)
  2 dart slugs
  12 orcs
  4 endoplasms
  A giant cockroach (D:3)
  4 goblins
  8 hobgoblins
  14 kobolds
  2 quokkas
  8 ball pythons
  2 bats
  7 frilled lizards
  4 rats
155 creatures vanquished.

Vanquished Creatures (others)
  22 foxfires
  14 plants (D:8)
36 creatures vanquished.

Grand Total: 191 creatures vanquished

Notes
Turn   | Place    | Note
-------+----------+-------------------------------------------
     0 | D:1      | Datul the Draconian Cinder Acolyte began the quest for the
                  | Orb.
     0 | D:1      | Reached XP level 1. HP: 19/19 MP: 2/2
   262 | D:1      | Learned a level 1 spell: Sandblast
   402 | D:1      | Reached XP level 2. HP: 25/26 MP: 3/3
   445 | D:1      | Learned a level 2 spell: Scorch
   545 | D:1      | Reached skill level 1 in Earth Magic
  1272 | D:2      | Reached XP level 3. HP: 18/31 MP: 0/4
  1597 | D:2      | Reached XP level 4. HP: 15/38 MP: 0/5
  2131 | D:3      | Found a faded altar of an unknown god.
  2656 | D:4      | Identified the +6 ring mail of the Volcano {rC+ rN+ Str-4
                  | Dex+3}
  2751 | D:4      | Found a broken altar of Ashenzari.
  2797 | D:4      | Reached XP level 5. HP: 32/45 MP: 0/6
  3112 | D:4      | Noticed a lemure
  3112 | D:4      | Noticed a lemure
  3113 | D:4      | Noticed Pikel
  3214 | D:5      | Entered Level 5 of the Dungeon
  3234 | D:5      | Found a shadowy altar of Dithmenos.
  3234 | D:5      | Noticed Menkaure
  3253 | D:5      | Killed Menkaure
  3254 | D:5      | Reached skill level 5 in Earth Magic
  3254 | D:5      | Reached XP level 6. HP: 32/51 MP: 0/7
  3428 | D:5      | Found a glowing drain.
  3429 | D:5      | Noticed a sky beast
  3528 | D:5      | Your scales start taking on a pale cyan-grey colour.
  3528 | D:5      | Reached XP level 7. HP: 41/57 MP: 1/12
  3528 | D:5      | Gained mutation: You are immune to the effects of steam.
                  | [Pale Draconian growth]
  3662 | D:5      | Learned a level 3 spell: Stone Arrow
  3665 | D:5      | Identified the +8 spear of Vojerog {holy, rC+ rCorr Str+3}
  3676 | D:5      | Learned a level 2 spell: Passwall
  3692 | Sewer    | Entered a sewer
  3893 | D:5      | Noticed Edmund
  3915 | D:5      | Killed Edmund
  4057 | D:5      | Reached skill level 5 in Fighting
  4057 | D:5      | Reached XP level 8. HP: 44/68 MP: 2/14
  4230 | D:5      | Found an ornate altar of the Wu Jian Council.
  4388 | D:6      | Found a burning altar of Makhleb.
  4461 | D:6      | Reached skill level 5 in Spellcasting
  4763 | D:6      | Reached skill level 5 in Fire Magic
  5217 | D:7      | Found an ancient bone altar of Kikubaaqudgha.
  5252 | D:7      | Found a shimmering blue altar of Sif Muna.
  5387 | D:7      | Found a sparkling altar of Nemelex Xobeh.
  5449 | D:7      | Reached skill level 1 in Dodging
  5449 | D:7      | Reached XP level 9. HP: 74/74 MP: 11/16
  5802 | D:7      | Found an iron altar of Okawaru.
  5851 | D:7      | Found a blossoming altar of Fedhas.
  5978 | D:7      | Got Sif Muna's Grimoire of the Thirsty Brambles
  6011 | D:7      | Found a staircase to the Ecumenical Temple.
  6037 | Temple   | Entered the Ecumenical Temple
  6284 | D:4      | Reached skill level 5 in Conjurations
  6459 | D:4      | Killed Pikel
  6765 | D:8      | Noticed an oklob plant
  6976 | D:8      | Found Usustrej's Weapon Boutique.
  7196 | D:8      | Reached XP level 10. HP: 80/86 MP: 13/19
  7586 | D:8      | Noticed an oklob plant
  7828 | D:9      | Noticed a two-headed ogre
  7831 | D:9      | Killed a two-headed ogre
  7834 | D:9      | Noticed a death yak
  7835 | D:9      | Noticed a death yak
  7945 | D:9      | Noticed a death yak
  7945 | D:9      | Noticed a death yak
  7945 | D:9      | Noticed a death yak
  7963 | D:9      | Killed a death yak
  7967 | D:9      | Killed a death yak
  7977 | D:8      | Slain by a death yak

Illustrated notes

Levels and vault maps discovered:
D:1:      zelgadis_glass_arrival_small, layout_basic, minivault_25,
          minmay_unequal
D:2:      layout_rooms, glass_columns_a, grunt_ministairs_3,
          wander_ebering_terrifying_dragon_lair
D:3:      layout_loops_ring, chequers_ecumenical_altar_twisty,
          kennysheep_generic_room_4
D:4:      layout_loops_ring, cheibrodos_ashenzari_chains,
          minmay_fire_ice_demons, uniq_pikel
D:5:      layout_rooms, mainiacjoe_overflow_chevrons, nzn_wu_jian_council_hall,
          portal_sewer_entry_a, uniq_edmund, uniq_menkaure
D:6:      minmay_evil_eye, layout_loops_ring,
          mainiacjoe_overflow_surrounded_room
D:7:      layout_rooms, led_sif_book, mainiacjoe_overflow_alcove_4,
          fedhas_bush_and_centaur_altar, overflow_temple_1_default,
          kennysheep_mini_moat, minmay_temple_entry_junction
D:8:      layout_loops_ring, serial_shops, shop, disabler_island
D:9:      layout_irregular_city, amethyst_overflow_temple_binary,
          dpeg_lair_monsters, minmay_fountain_box, uniq_joseph, uniq_harold
Temple:   hellmonk_temple_micro_hex

Skill      XL: |  1  2  3  4  5  6  7  8  9 10 |
---------------+-------------------------------+-----
Earth Magic    | 2 3 4 5 6 9 |  9.0
Spellcasting   | 3 4 5 6 |  6.1
Conjurations   | 3 5 |  5.0
Fighting       | 5 7 8 |  8.0
Fire Magic     | 8 9 |  9.6
Dodging        | 1 4 |  4.0
Long Blades    | |  3.3

Action                     |  1- 3 |  4- 6 |  7- 9 | 10-12 || total
---------------------------+-------+-------+-------+-------++-------
  Melee: Falchion          |    91 |    26 |     4 |       ||   121
         Tailslap          |     7 |     2 |     8 |     1 ||    18
         Punch             |       |     1 |     1 |       ||     2
         Spear             |       |       |    34 |     6 ||    40
   Fire: Sling             |     9 |       |       |       ||     9
  Throw: Javelin           |       |     3 |       |       ||     3
         Dart              |       |     2 |     1 |       ||     3
   Cast: Scorch            |    12 |    13 |    44 |    10 ||    79
         Sandblast         |     3 |    30 |    62 |    13 ||   108
         Stone Arrow       |       |       |       |     7 ||     7
 Invoke: Foxfire Swarm     |     1 |     1 |       |       ||     2
         Fiery Armour      |       |     1 |       |     1 ||     2
Ability: Breathe Steam     |       |       |    31 |     8 ||    39
  Evoke: Wand              |       |       |     1 |     4 ||     5
    Use: Scroll            |     1 |     3 |     6 |     1 ||    11
         Potion            |       |       |     1 |       ||     1
 Armour: Skin              |    25 |    15 |    30 |     4 ||    74
  Dodge: Dodged            |    64 |    26 |    57 |    15 ||   162

Table legend: (Time is in decaauts)
 A = Elapsed time spent in this place.
 B = Non-inter-level travel time spent in this place.
 C = Inter-level travel time spent in this place.
 D = Time resting spent in this place.
 E = Time spent auto-exploring this place.
 F = Levels seen in this place.
 G = Mean time per level.
                   A        B        C        D        E       F      G
               +--------+--------+--------+--------+--------+-----+--------+
         Total |   8057 |   7661 |    396 |   1753 |   4416 |  11 |  732.5 |
       Dungeon |   7903 |   7507 |    396 |   1720 |   4356 |   9 |  878.1 |
        Temple |      1 |      1 |      0 |      0 |      0 |   1 |    1.0 |
         Sewer |    152 |    152 |      0 |     33 |     60 |   1 |  152.0 |
               +--------+--------+--------+--------+--------+-----+--------+

Top non-repeatable levels by time:
     D:8: 1150 daAuts
     D:1: 1087 daAuts
     D:7: 1018 daAuts
     D:4: 1011 daAuts
     D:6: 944 daAuts
     D:5: 944 daAuts
     D:3: 932 daAuts
     D:2: 697 daAuts
   Sewer: 152 daAuts
     D:9: 118 daAuts
  Temple: 1 daAuts
